Map: Acropolis LE

Players

llllllllllll (Stats) - Winner!

  • Race: Protoss Protoss
  • League: Master
  • Spawn Location: 5:00

llllllllllll (herO)

  • Race: Protoss Protoss
  • League: Master
  • Spawn Location: 11:00

Event: 2019 Assembly Summer

VOD

Have the link to the VOD?

Description

Time

  • Played on: Aug. 3, 2019, 7:40 a.m.
  • Length: 11:51

All games in this series

Show
View Real Time Build Order
Export as new Build Order

llllllllllll Protoss - Winner!

Build Orders:  

Get SALT Encoding   

  12  0:00  Probe  
  13  0:12  Probe  
  14  0:17  Pylon  
  14  0:24  Probe  
  15  0:32  Probe  
  15  0:36  Gateway  
  15  0:40  Probe  
  16  0:46  Assimilator  
  17  0:51  Probe  
  17  0:54  Assimilator  
  18  1:00  Probe  
  19  1:07  Gateway  
  19  1:08  Probe  
  19  1:17  Probe  
  20  1:24  Cybernetics Core  
  21  1:29  Probe  
  22  1:36  Pylon  
  22  1:41  Probe  
  23  1:51  Warp Gate  
  23  1:54  Probe  
  23  2:00  Stalker x2  
  28  2:06  Probe  
  29  2:14  Pylon  
  29  2:25  Pylon  
  29  2:34  Stalker  
  29  2:35  Stalker  
  33  2:44  Robotics Facility  
  33  2:50  Gateway  
  33  3:06  Stalker x2  
  36  3:14  Shield Battery  
  36  3:21  Warp Prism  
  36  3:30  Pylon  
  38  3:35  Shield Battery  
  38  3:53  Shield Battery  
  38  3:54  Stalker x2  
  42  3:58  Sentry  
  44  4:08  Observer  
  44  4:09  Pylon  
  45  4:22  Pylon  
  45  4:27  Robotics Bay  
  45  4:28  Adept  
  45  4:29  Adept  
  45  4:30  Adept  
  49  4:55  Adept x3  
  55  5:03  Disruptor  
  55  5:13  Pylon  
  55  5:15  Pylon  
  58  5:29  Disruptor  
  61  5:51  Adept  
  61  5:52  Adept x2  
  61  5:53  Pylon  
  61  5:54  Pylon  
  67  6:25  Adept x3  
  73  6:45  Nexus  
  73  7:00  Pylon  
  73  7:01  Adept x3  
  76  7:17  Probe  
  75  7:24  Adept x2  
  75  7:31  Adept  
  74  7:44  Probe  
  74  7:47  Disruptor  
  75  7:56  Probe  
  75  7:57  Observer  
  72  8:16  Probe  
  73  8:27  Disruptor  
  74  8:39  Probe  
  74  8:40  Probe  
  76  8:56  Probe  
  76  8:57  Probe  
  75  9:11  Adept x2  
  75  9:12  Adept  
  75  9:49  Probe  
  75  9:50  Probe  
  70  10:04  Stargate  
  70  10:06  Stargate  
  70  10:09  Immortal, Stalker  
  68  10:21  Probe x2  
  74  10:37  Probe x2  
  74  10:45  Probe x2  
  74  10:46  Observer  
  74  10:47  Phoenix  
  77  10:55  Probe  
  79  11:00  Probe  
  79  11:11  Probe  
  79  11:12  Probe  
  79  11:15  Phoenix  
  83  11:30  Probe x2  
Show
View Real Time Build Order
Export as new Build Order

llllllllllll Protoss 

Build Orders:  

Get SALT Encoding   

  12  0:00  Probe  
  13  0:12  Probe  
  14  0:17  Pylon  
  14  0:23  Probe  
  15  0:31  Probe  
  15  0:37  Gateway  
  15  0:40  Probe  
  16  0:46  Assimilator  
  17  0:51  Probe  
  17  0:55  Assimilator  
  18  0:59  Probe  
  19  1:07  Probe  
  19  1:08  Gateway  
  19  1:17  Probe  
  20  1:24  Cybernetics Core  
  21  1:29  Probe  
  22  1:34  Pylon  
  22  1:41  Probe  
  23  1:53  Probe  
  24  2:00  Adept  
  24  2:01  Adept  
  28  2:02  Warp Gate  
  28  2:10  Pylon  
  28  2:30  Adept  
  28  2:31  Stalker  
  31  2:37  Twilight Council  
  31  2:51  Gateway  
  31  2:54  Resonating Glaives  
  31  3:00  Stalker  
  31  3:01  Adept  
  35  3:16  Pylon  
  39  3:35  Gateway  
  33  3:56  Adept x3  
  39  4:08  Dark Shrine  
  37  4:24  Sentry  
  39  4:27  Pylon  
  39  4:28  Shield Battery  
  39  4:29  Shield Battery  
  39  4:32  Pylon  
  39  4:33  Pylon  
  39  4:42  Robotics Facility  
  39  4:56  Probe, Pylon  
  38  5:03  Adept x2  
  38  5:04  Sentry  
  44  5:08  Probe  
  45  5:20  Immortal  
  47  5:37  Stalker x2  
  50  5:49  Robotics Bay  
  50  5:56  Immortal  
  54  6:10  Pylon  
  54  6:11  Adept x2  
  54  6:29  Disruptor  
  56  6:42  Gateway  
  56  6:55  Adept x2  
  56  6:56  Adept  
  62  7:02  Disruptor  
  65  7:10  Pylon  
  63  7:30  Warp Prism  
  55  7:44  Adept x3  
  61  8:10  Observer  
  59  8:13  Adept x4  
  61  8:40  Adept  
  61  8:41  Adept x3  
  65  8:43  Disruptor  
  56  9:14  Adept x3  
  42  9:47  Adept x3  
  37  10:26  Immortal  
  37  10:27  Sentry x2  
  45  10:42  Sentry  
  47  11:17  Stalker  
  47  11:18  Stalker x2  
  52  11:37  Stalker  
Tags
 
Add a new tag
Caveats
  • Supply blocks, unpowered buildings, or Contaminate may cause inaccurate times.
  • Supply counts are checked every 10 seconds.